 Dungeon Crawl Stone Soup version 0.19-a0-518-g626ee58 (webtiles) character file.

329 zxpr0jk the Cutter (level 6, -2/44 HPs)
             Began as a Vampire Gladiator on June 6, 2016.
             Killed from afar by an orc wizard (10 damage)
             ... with a magic dart
             ... on level 4 of the Dungeon.
             The game lasted 00:05:34 (2741 turns).

zxpr0jk the Cutter (Vampire Gladiator)              Turns: 2741, Time: 00:05:35

Health: -2/44      AC:  4    Str: 12 (14) XL:     6   Next: 25%
Magic:  6/6        EV: 14    Int: 11      God:
Gold:   88         SH:  0    Dex: 16      Spells: 0 memorised, 5 levels left

rFire  . . .     SeeInvis +     a - +0 rapier
rCold  . . .     Gourm    .     b - +0 leather armour
rNeg   . . .     Faith    .     (no shield)
rPois  .         Spirit   .     c - +0 helmet
rElec  .         Dismiss  .     (no cloak)
rCorr  .         Reflect  .     (no gloves)
SustAt .         Harm     .     (no boots)
MR     .....                    (no amulet)
Stlth  +.........               (no ring)
                                (no ring)

@: regenerating quickly, not resistant to hostile enchantments, very unstealthy
A: fangs 3, hooves 1, see invisible, deterioration 2, unbreathing
a: no special abilities


You were on level 4 of the Dungeon.
You were full.

You visited 1 branch of the dungeon, and saw 4 of its levels.

You collected 88 gold pieces.

Inventory:

Hand Weapons
 a - a +0 rapier (weapon)
Armour
 b - a +0 leather armour (worn)
 c - a +0 helmet (worn)
 n - a +0 plate armour
 o - a +0 buckler
Jewellery
 f - an uncursed ring of ice
Scrolls
 e - a scroll of magic mapping {unknown}
 g - 2 scrolls of identify {unknown}
 i - a scroll of teleportation {unknown}
 l - a scroll of blinking {unknown}
 m - 2 scrolls of enchant weapon {unknown}
 q - 2 scrolls of recharging {unknown}
 u - a scroll of fog {unknown}
Potions
 h - a potion of heal wounds {unknown}
 j - 2 potions of magic {unknown}
 k - a potion of degeneration {unknown}
 p - 2 potions of curing
 r - a potion of cancellation {unknown}
 s - a potion of beneficial mutation {unknown}
 t - a potion of brilliance {unknown}


   Skills:
 - Level 1.7 Fighting
 + Level 4.8 Short Blades
 - Level 1.5 Throwing
 * Level 3.4 Armour
 + Level 4.8 Dodging


You had 5 spell levels left.
You didn't know any spells.

Dungeon Overview and Level Annotations

Branches:
Dungeon (4/15)
 Temple: D:4-7

Altars:
Ru


Innate Abilities, Weirdness & Mutations

Your natural rate of healing is unusually fast.
You have razor-sharp teeth.
You have supernaturally acute eyesight. (SInv)
You can survive without breathing.
You have large cloven feet.
Your body often deteriorates upon taking damage.


Message History

Press: ? - help, Shift-Dir - straight line, f/p - orc priest
Aim: an orc priest, wielding a flail (lightly wounded)
Okay, then.
You completely miss the orc priest. You bite the orc priest.
The orc priest is heavily wounded.
The orc wizard hits you with a dagger.
* * * LOW HITPOINT WARNING * * *
The orc priest closely misses you.
Okay, then.
You hit the orc priest.
You kick the orc priest, but do no damage.
The orc priest is severely wounded.
The orc wizard hits you but does no damage.
The orc priest misses you.
You hit the orc priest. You bite the orc priest.
You kill the orc priest!
You feel your strength returning. The orc wizard casts a spell at you.
The magic dart hits you!
You die...

########## .........
..##.############.....#.
......)@o...............
####.#####.######.......
#'# #....... ...
#......# ..... #......#
....... #....#.#
......... #....#.#
#..........#....#.#
.##..#.............#


You could see an orc wizard.

Vanquished Creatures
  An ogre (D:4)
  An orc priest (D:4)
  Ijyb (D:3)
  An orc wizard (D:2)
  4 gnolls
  4 adders (D:2)
  2 oozes
  An adder skeleton (D:4)
  3 dart slugs
  2 giant geckos
  5 bats
  A giant cockroach (D:4)
  6 hobgoblins
  16 jackals
  2 quokkas
  3 ball pythons
  A giant newt (D:3)
  11 goblins
  4 kobolds
  5 rats
74 creatures vanquished.

Notes
Turn   | Place    | Note
--------------------------------------------------------------
     0 | D:1      | zxpr0jk the Vampire Gladiator began the quest for the Orb.
     0 | D:1      | Reached XP level 1. HP: 16/16 MP: 1/1
    89 | D:1      | Reached XP level 2. HP: 15/22 MP: 2/2
   910 | D:1      | Reached skill level 1 in Armour
   947 | D:2      | Reached XP level 3. HP: 11/27 MP: 3/3
  1240 | D:2      | Found a sacrificial altar of Ru.
  1252 | D:2      | Reached XP level 4. HP: 23/33 MP: 4/4
  1494 | D:2      | Gained mutation: Your body sometimes deteriorates upon taking damage. [potion of mutation]
  1494 | D:2      | Gained mutation: Your body often deteriorates upon taking damage. [potion of mutation]
  1494 | D:2      | Gained mutation: You have large cloven feet. [potion of mutation]
  1721 | D:2      | Reached XP level 5. HP: 38/38 MP: 5/5
  2215 | D:3      | Noticed Ijyb
  2244 | D:3      | Killed Ijyb
  2722 | D:4      | Noticed an ogre
  2735 | D:4      | Killed an ogre
  2735 | D:4      | Reached XP level 6. HP: 19/44 MP: 6/6
  2741 | D:4      | Killed from afar by an orc wizard

Vault maps used:
D:1:      saegor_arrival_under_anarchy
D:2:      nicolae_ru_great_annihilating_truth, first_bread
D:3:      uniq_iyjb
D:4:      grunt_temple_overflow_diamond,
          nicolae_dithmenos_through_a_glass_darkly

Skill      XL: |  1  2  3  4  5 |
---------------+----------------+-----
Armour         | 1 2 3 |  3.4
Short Blades   | 4 |  4.8
Dodging        | 4 |  4.8
Fighting       | |  1.7
Throwing       | |  1.5

Action                   |  1- 3 |  4- 6 || total
-------------------------+-------+-------++-------
Melee: Rapier            |   105 |   170 ||   275
       Bite              |    11 |    20 ||    31
       Kick              |       |    34 ||    34
Throw: Throwing net      |     1 |     7 ||     8
  Use: Potion            |       |     1 ||     1
 Stab: Held in net/web   |     2 |     1 ||     3
       Paralysed         |     1 |       ||     1
       Invisible         |       |     1 ||     1
       Sleeping          |       |     1 ||     1
  Eat: Corpse            |     8 |     8 ||    16
Armor: Leather armour    |    30 |    46 ||    76
Dodge: Dodged            |    85 |   126 ||   211
